AoeStats
← RLF_jcat

Lombardia

507873242Analyzed
4v4 RM · 12d ago on Sep 20, 2026· 88m 6s· 8 players
Game mode
Random Map
Map size
Large (8 player)
Population
200
Speed
Normal
Resources
Standard
Victory
Conquest
Starting age
Dark Age
Ending age
Imperial Age
RankedLock teamsTeams togetherTeam positionsShared explorationLock speedFull tech treeHidden civsTurbo modeCheats
Victory
Defeat
🇺🇸 Gurjaras · United States
1090
+14
🇷🇴 Celts · Romania
1086
+14
🇨🇳 Poles · China
1073
+14
🇺🇸 Persians · United States
999
+17
1128
-18
🇺🇸 Teutons · United States
1065
-16
🇺🇸 Turks · United States
1009
-14
🇺🇸 Ethiopians · United States
941
-11
Onager try again
0:31 Loom
9:30 Feudal Age
16:38 Castle Age
19:26 Horse Collar
19:33 Double-Bit Axe
21:55 Bow Saw
21:52 Heavy Plow
22:33 Fletching
22:44 Padded Archer Armor
22:14 Elite Skirmisher
30:39 Imperial Age
28:26 Bodkin Arrow
29:11 Caravan
31:13 Kshatriyas
31:36 Thumb Ring
32:25 Fortified Wall
32:30 Masonry
34:29 Chemistry
33:54 Ballistics
33:38 Padded Archer Armor
34:32 Bracer
34:22 Treadmill Crane
35:52 Architecture
36:17 Leather Archer Armor
37:51 Elite Elephant Archer
40:16 Wheelbarrow
39:27 Town Watch
41:17 Siege Elephant
42:54 Scale Barding Armor
43:00 Forging
47:00 Hand Cart
46:46 Town Patrol
47:36 Conscription
56:43 Frontier Guards
57:00 Hoardings
57:33 Chain Barding Armor
57:49 Iron Casting
57:15 Scale Mail Armor
60:39 Heavy Camel Rider
61:30 Bloodlines
61:21 Husbandry
64:45 Light Cavalry
67:50 Hussar
71:33 Elite Chakram Thrower
76:15 Plate Barding Armor
78:36 Elite Shrivamsha Rider
80:36 Chain Mail Armor
KesarKeri
7:45 Loom
11:42 Feudal Age
12:20 Double-Bit Axe
13:25 Wheelbarrow
21:06 Castle Age
19:20 Forging
19:22 Bloodlines
19:29 Scale Barding Armor
19:42 Gold Mining
22:08 Bow Saw
21:47 Horse Collar
24:14 Iron Casting
24:40 Husbandry
27:22 Chain Barding Armor
28:47 Heavy Plow
35:17 Imperial Age
34:13 Ballistics
34:05 Masonry
34:58 Cavalier
36:24 Fletching
37:39 Chemistry
36:48 Capped Ram
44:49 Blast Furnace
44:25 Plate Barding Armor
43:26 Savar
45:21 Bodkin Arrow
52:51 Architecture
53:30 Two-Man Saw
53:57 Caravan
66:57 Kamandaran
Azazel
11:21 Feudal Age
16:41 Castle Age
16:00 Double-Bit Axe
15:59 Horse Collar
24:42 Bow Saw
32:07 Heavy Plow
32:22 Scale Barding Armor
32:28 Forging
33:31 Wheelbarrow
34:02 Chain Barding Armor
33:44 Scale Mail Armor
36:43 Imperial Age
34:29 Hand Cart
35:02 Hand Cart
39:16 Iron Casting
38:56 Chain Mail Armor
39:02 Chain Barding Armor
38:57 Furor Celtica
39:09 Conscription
38:36 Elite Woad Raider
39:57 Capped Ram
40:01 Onager
41:51 Siege Ram
42:58 Caravan
43:17 Siege Onager
45:04 Light Cavalry
45:45 Husbandry
45:07 Cavalier
46:24 Gold Mining
48:11 Gold Shaft Mining
47:26 Stone Mining
47:15 Hussar
51:13 Paladin
55:19 Pikeman
55:45 Arson
56:07 Halberdier
58:24 Blast Furnace
57:55 Plate Mail Armor
65:09 Loom
70:19 Fortified Wall
70:22 Siege Engineers
三条柒
7:17 Loom
11:53 Feudal Age
13:18 Double-Bit Axe
13:54 Horse Collar
17:10 Castle Age
16:19 Stone Mining
18:15 Bow Saw
21:58 Wheelbarrow
22:09 Heavy Plow
23:13 Hand Cart
23:55 Stone Shaft Mining
23:24 Gold Mining
25:41 Town Watch
29:30 Imperial Age
26:45 Treadmill Crane
27:15 Masonry
27:18 Fortified Wall
27:18 Masonry
28:06 Szlachta Privileges
28:48 Scale Barding Armor
28:54 Forging
29:19 Fletching
29:51 Chain Barding Armor
28:56 Light Cavalry
29:46 Bloodlines
30:08 Husbandry
30:18 Winged Hussar
31:20 Lechitic Legacy
31:21 Conscription
31:50 Iron Casting
32:20 Crop Rotation
31:49 Cavalier
34:00 Caravan
35:38 Blast Furnace
38:47 Coinage
41:42 Elite Obuch
42:58 Hoardings
42:24 Scale Mail Armor
44:17 Siege Engineers
45:13 Chemistry
44:33 Ballistics
44:05 Fletching
44:31 Chain Mail Armor
45:47 Bodkin Arrow
47:29 Padded Archer Armor
47:29 Bracer
50:43 Elite Skirmisher
51:40 Leather Archer Armor
54:53 Banking
5WhiskeyTango
1:59 Loom
11:30 Feudal Age
14:45 Double-Bit Axe
17:29 Castle Age
15:59 Gold Mining
16:40 Horse Collar
17:18 Stone Mining
18:35 Bow Saw
19:10 Elite Skirmisher
23:46 Stone Shaft Mining
23:46 Gold Shaft Mining
25:48 Wheelbarrow
25:57 Crossbowman
28:19 Hand Cart
28:41 Thumb Ring
29:42 Royal Heirs
30:04 Scale Mail Armor
30:04 Padded Archer Armor
35:03 Imperial Age
32:53 Padded Archer Armor
32:44 Fletching
33:21 Town Watch
33:49 Caravan
34:39 Gold Shaft Mining
35:35 Halberdier
36:00 Capped Ram
37:35 Conscription
38:46 Ballistics
39:26 Chemistry
38:22 Murder Holes
39:31 Elite Shotel Warrior
41:23 Siege Engineers
41:29 Fortified Wall
42:02 Arbalester
45:54 Torsion Engines
46:32 Chain Mail Armor
46:27 Forging
46:12 Bodkin Arrow
46:33 Leather Archer Armor
46:38 Heavy Scorpion
47:56 Plate Mail Armor
48:16 Man-at-Arms
49:53 Onager
53:52 Guilds
54:12 Coinage
61:03 Siege Onager
61:10 Siege Ram
68:18 Banking
70:02 Two-Man Saw
78:24 Long Swordsman
79:05 Two-Handed Swordsman
80:24 Squires
RLF_jcat
5:46 Loom
11:04 Feudal Age
16:36 Castle Age
15:22 Double-Bit Axe
15:57 Horse Collar
22:05 Wheelbarrow
21:53 Bow Saw
23:45 Gold Mining
25:20 Heavy Plow
25:15 Stone Mining
31:53 Imperial Age
30:29 Hand Cart
29:59 Town Watch
29:49 Pikeman
30:30 Squires
30:34 Scale Mail Armor
30:45 Forging
31:47 Caravan
32:13 Chain Mail Armor
32:52 Iron Casting
33:37 Two-Man Saw
32:05 Halberdier
34:29 Chemistry
33:56 Conscription
33:40 Fletching
35:18 Ironclad
35:51 Crop Rotation
35:56 Fortified Wall
36:06 Ballistics
35:57 Masonry
36:55 Crenellations
36:00 Cavalier
38:55 Town Patrol
39:07 Siege Engineers
40:15 Arson
41:24 Paladin
42:15 Bloodlines
42:14 Scale Barding Armor
43:10 Blast Furnace
42:41 Plate Mail Armor
42:07 Bodkin Arrow
42:51 Hoardings
43:25 Onager
44:30 Chain Barding Armor
44:11 Padded Archer Armor
44:51 Heavy Scorpion
50:26 Elite Teutonic Knight
54:44 Siege Onager
75:53 Plate Barding Armor
75:34 Leather Archer Armor
Age_noob
8:09 Loom
10:45 Feudal Age
11:34 Double-Bit Axe
14:31 Horse Collar
17:33 Castle Age
17:04 Gold Mining
17:10 Stone Mining
19:33 Wheelbarrow
19:20 Bow Saw
24:24 Town Watch
25:14 Bloodlines
25:49 Husbandry
27:09 Scale Barding Armor
27:26 Heavy Plow
28:10 Forging
31:20 Iron Casting
30:42 Fletching
34:00 Imperial Age
32:41 Hand Cart
33:13 Gold Shaft Mining
33:03 Padded Archer Armor
33:50 Town Patrol
34:27 Heavy Camel Rider
35:32 Chain Barding Armor
45:51 Plate Barding Armor
46:17 Blast Furnace
46:52 Artillery
48:17 Bodkin Arrow
48:38 Leather Archer Armor
52:06 Caravan
63:03 Two-Man Saw
74:59 Conscription
84:43 Squires
今天真冷我的心都是冰
10:27 Feudal Age
11:43 Loom
15:40 Castle Age
14:09 Horse Collar
14:15 Double-Bit Axe
19:35 Bow Saw
25:03 Gold Mining
28:02 Wheelbarrow
30:10 Fletching
30:27 Thumb Ring
31:20 Padded Archer Armor
31:19 Bodkin Arrow
32:05 Stone Mining
33:42 Padded Archer Armor
33:27 Pikeman
34:10 Squires
33:37 Light Cavalry
35:15 Silk Road
38:10 Imperial Age
36:53 Ballistics
37:18 Leather Archer Armor
37:05 Scale Mail Armor
37:41 Bloodlines
37:35 Husbandry
38:05 Hand Cart
37:38 Town Watch
38:31 Stone Shaft Mining
38:26 Scale Barding Armor
38:38 Forging
38:31 Caravan
39:02 Coinage
38:42 Murder Holes
38:28 Treadmill Crane
39:20 Conscription
38:40 Elite Genoese Crossbowman
39:33 Bracer
40:58 Ring Archer Armor
41:30 Chemistry
40:42 Masonry
40:43 Fortified Wall
41:02 Hussar
42:06 Chain Barding Armor
42:22 Iron Casting
42:13 Onager
44:09 Plate Barding Armor
44:35 Blast Furnace
54:09 Arson
54:58 Guilds
55:18 Banking
57:05 Pikeman
66:14 Scale Mail Armor
69:03 Architecture
68:28 Elite Skirmisher
69:44 Crossbowman
70:15 Arbalester
85:50 Heavy Plow
Connection lost

Rejoining the realm…

Still unreachable

The connection could not be restored.

Session expired

The server has moved on; the page needs a fresh start.